Map: Catalyst LE

Players

PartinG - Winner!

  • Race: Protoss Protoss
  • Spawn Location: 11:00

Zanster

  • Race: Zerg Zerg
  • League: Master
  • Spawn Location: 5:00

Event: HomeStory Cup XVII

VOD

Have the link to the VOD?

Description

Time

  • Played on: June 29, 2018, 3:51 p.m.
  • Length: 14:11

All games in this series

Show
View Real Time Build Order
Export as new Build Order

PartinG Protoss - Winner!

Build Orders: 1 Gate Expand, Oracle Opening, Phoenix Opening, Mass Phoenix 

Get SALT Encoding   

  12  0:00  Probe  
  13  0:13  Probe  
  14  0:20  Pylon  
  14  0:25  Probe  
  15  0:34  Probe  
  15  0:39  Gateway  
  15  0:42  Probe  
  16  0:48  Assimilator  
  17  0:51  Probe  
  18  0:59  Probe  
  19  1:07  Probe  
  20  1:24  Nexus  
  20  1:34  Cybernetics Core  
  20  1:41  Assimilator  
  20  1:43  Probe  
  21  1:51  Pylon  
  21  1:55  Probe  
  22  2:02  Adept  
  22  2:07  Probe  
  25  2:16  Stargate  
  25  2:20  Probe  
  25  2:22  Adept, Warp Gate  
  28  2:35  Probe  
  29  2:37  Probe  
  30  2:45  Adept  
  30  2:47  Probe  
  30  2:49  Probe  
  34  2:54  Phoenix  
  34  2:59  Probe  
  34  3:01  Probe  
  38  3:11  Probe  
  39  3:13  Probe  
  39  3:17  Oracle  
  43  3:26  Probe x2  
  45  3:35  Pylon  
  45  3:37  Gateway  
  45  3:40  Assimilator  
  45  3:42  Probe  
  45  3:43  Assimilator  
  46  3:48  Pylon  
  46  3:51  Stargate  
  46  3:53  Probe  
  48  3:55  Probe  
  48  3:59  Phoenix  
  48  4:05  Probe  
  48  4:08  Probe  
  52  4:12  Pylon  
  52  4:15  Phoenix  
  52  4:17  Probe  
  52  4:21  Probe  
  54  4:29  Probe  
  57  4:33  Probe  
  57  4:36  Zealot  
  57  4:38  Pylon  
  60  4:40  Phoenix  
  60  4:42  Phoenix, Probe, Zealot  
  67  4:59  Phoenix  
  67  5:00  Pylon  
  67  5:01  Zealot  
  67  5:02  Phoenix  
  71  5:08  Zealot  
  71  5:11  Shield Battery  
  75  5:15  Probe x2  
  77  5:24  Phoenix  
  77  5:25  Phoenix  
  77  5:27  Probe x2  
  81  5:29  Pylon  
  83  5:46  Nexus  
  83  5:49  Zealot  
  85  5:50  Zealot  
  85  5:55  Shield Battery  
  87  5:57  Shield Battery  
  87  6:05  Probe x2  
  87  6:09  Twilight Council  
  87  6:10  Forge  
  89  6:19  Probe x2  
  91  6:28  Sentry  
  91  6:29  Protoss Ground Weapons Level 1  
  93  6:33  Robotics Facility  
  93  6:35  Charge  
  93  6:36  Pylon  
  93  6:37  Pylon  
  93  6:39  Pylon  
  93  6:41  Pylon  
  93  6:52  Probe  
  94  6:54  Probe  
  94  6:58  Templar Archives  
  95  7:07  Sentry  
  97  7:10  Probe x3  
  97  7:12  Assimilator  
  99  7:17  Assimilator  
  99  7:20  Warp Prism  
  99  7:21  Gateway  
  99  7:24  Psionic Storm  
  99  7:25  Probe  
  99  7:26  Probe  
  99  7:29  Gateway  
  101  7:30  Pylon  
  101  7:33  Zealot  
  101  7:34  Zealot  
  107  7:38  Probe x3  
  110  7:52  Gateway  
  110  7:53  Gateway  
  110  7:54  High Templar  
  110  7:55  High Templar  
  110  7:57  Probe x3  
  116  8:03  Gateway  
  116  8:04  Observer  
  117  8:06  Gateway  
  117  8:08  Gateway  
  117  8:13  Gateway  
  117  8:15  Probe x3  
  117  8:16  Photon Cannon  
  117  8:19  Shield Battery  
  120  8:43  Zealot x3  
  120  8:44  Zealot  
  120  8:46  Immortal  
  132  8:48  Robotics Facility  
  132  8:54  Protoss Ground Weapons Level 2  
  132  8:55  High Templar x2  
  134  9:03  Probe x3  
  134  9:05  Zealot x5  
  134  9:06  Zealot  
  149  9:16  Pylon  
  149  9:18  Nexus  
  149  9:21  Pylon  
  149  9:27  Pylon  
  149  9:30  Pylon  
  149  9:34  Immortal  
  153  9:38  High Templar x2  
  153  9:41  Photon Cannon  
  153  9:43  Photon Cannon  
  157  9:45  High Templar  
  157  9:46  High Templar x2  
  153  10:03  High Templar x2  
  153  10:04  High Templar x3  
  153  10:06  Immortal  
  157  10:14  Immortal  
  155  10:15  Photon Cannon  
  155  10:17  Photon Cannon  
  155  10:18  Shield Battery  
  155  10:21  Shield Battery  
  155  10:22  Shield Battery  
  149  10:30  Zealot  
  149  10:31  Zealot x4  
  151  10:45  Zealot x4  
  159  10:51  Zealot x2  
  159  10:52  Zealot x2  
  167  10:57  Zealot x2  
  165  11:07  Zealot x3  
  165  11:08  Zealot  
  173  11:17  Observer  
  173  11:18  Immortal  
  176  11:20  Protoss Ground Weapons Level 3  
  176  11:24  High Templar x6  
  166  11:28  Archon x3  
  166  11:29  High Templar x2  
  166  11:30  Zealot  
  166  11:31  Zealot  
  174  11:33  Archon  
  166  11:45  Assimilator  
  166  11:46  Assimilator  
  162  12:01  Immortal x2  
  168  12:13  Zealot x4  
  168  12:14  Zealot x6  
  167  12:17  Probe  
  167  12:21  Probe x3  
  164  12:25  Probe  
  164  12:29  Probe x3  
  167  12:49  Zealot x8  
  183  12:58  Zealot x2  
  183  13:18  Zealot  
  183  13:19  Zealot x5  
  195  13:24  Zealot x4  
  171  13:40  Fleet Beacon  
  166  13:43  Zealot x4  
  166  13:44  Zealot x3  
  156  14:09  Archon  
Show
View Real Time Build Order
Export as new Build Order

Zanster Zerg 

Build Orders: Hatch First 

Get SALT Encoding   

  12  0:00  Drone  
  13  0:12  Overlord  
  13  0:17  Drone  
  14  0:31  Drone x2  
  16  0:49  Hatchery  
  15  0:52  Drone  
  15  0:55  Drone  
  17  0:58  Drone  
  18  1:10  Extractor  
  17  1:15  Spawning Pool  
  17  1:17  Drone  
  17  1:21  Drone  
  18  1:30  Drone  
  19  1:39  Drone  
  20  1:50  Overlord  
  20  2:01  Queen x2  
  20  2:02  Zergling x2  
  20  2:03  Zergling x2  
  26  2:12  Metabolic Boost, Drone  
  27  2:19  Drone  
  29  2:22  Drone  
  29  2:23  Drone  
  30  2:39  Hatchery  
  30  2:42  Drone  
  30  2:46  Zergling x4  
  32  2:52  Queen  
  32  2:55  Zergling x2  
  35  3:00  Overlord  
  35  3:02  Drone  
  36  3:09  Overlord  
  36  3:18  Drone  
  36  3:19  Drone x4  
  41  3:21  Drone  
  41  3:27  Zergling x4  
  41  3:28  Drone  
  43  3:38  Overlord  
  43  3:39  Drone  
  43  3:41  Spore Crawler  
  43  3:42  Spore Crawler  
  43  3:46  Drone  
  43  3:47  Drone  
  44  3:50  Overlord  
  44  3:51  Drone x2  
  46  3:57  Drone  
  46  3:58  Drone  
  46  4:02  Drone x2  
  50  4:04  Drone  
  50  4:05  Drone  
  50  4:08  Drone  
  53  4:11  Spore Crawler  
  53  4:15  Extractor  
  53  4:16  Evolution Chamber  
  50  4:17  Drone x3  
  50  4:22  Drone  
  50  4:23  Drone x2  
  55  4:25  Drone  
  55  4:28  Overlord  
  56  4:31  Drone  
  56  4:37  Queen  
  59  4:40  Lair  
  59  4:41  Drone  
  59  4:43  Drone  
  59  4:45  Drone x2  
  63  4:48  Drone  
  63  4:55  Roach Warren  
  63  4:56  Zergling x4  
  63  4:57  Extractor x2  
  62  5:01  Zergling x6  
  62  5:04  Zerg Melee Weapons Level 1  
  62  5:06  Zergling x4  
  66  5:08  Overlord  
  66  5:10  Zergling x4  
  66  5:12  Zergling x2  
  66  5:13  Zergling x2  
  70  5:25  Drone x4  
  70  5:26  Overlord x2  
  70  5:27  Drone x2  
  76  5:34  Drone  
  77  5:42  Overlord  
  77  5:43  Hydralisk Den  
  77  5:47  Overlord  
  74  5:50  Drone x11  
  83  5:59  Overlord  
  79  6:04  Drone, Hatchery  
  79  6:05  Drone  
  79  6:06  Drone  
  80  6:15  Overlord  
  80  6:17  Drone x7  
  87  6:19  Queen  
  87  6:21  Overlord  
  87  6:24  Overlord  
  85  6:26  Overlord  
  85  6:27  Overlord  
  85  6:30  Overlord  
  83  6:44  Hydralisk x6  
  93  6:48  Muscular Augments, Hydralisk x2  
  93  6:50  Hydralisk  
  96  6:55  Hydralisk x2  
  96  6:59  Extractor  
  96  7:00  Drone x4  
  103  7:01  Drone  
  103  7:05  Drone  
  103  7:06  Drone  
  103  7:07  Drone  
  105  7:08  Drone  
  105  7:14  Overlord  
  103  7:16  Hydralisk  
  103  7:19  Hydralisk x2  
  105  7:25  Queen, Drone x5  
  111  7:37  Zerg Melee Weapons Level 2  
  110  7:44  Hydralisk  
  110  7:45  Hydralisk  
  110  7:50  Zergling x2  
  110  7:51  Zergling x10  
  117  7:52  Queen  
  117  7:53  Zergling x4  
  117  7:54  Zergling x4  
  117  7:55  Zergling x4  
  117  7:58  Overlord  
  125  8:01  Baneling Nest  
  124  8:06  Drone x4  
  124  8:08  Grooved Spines  
  124  8:11  Drone x2  
  130  8:17  Drone x4  
  130  8:18  Drone  
  135  8:23  Spore Crawler  
  135  8:25  Overlord  
  134  8:28  Overlord  
  134  8:31  Overlord  
  134  8:32  Overlord  
  134  8:36  Overlord  
  134  8:38  Drone x7  
  136  8:43  Hydralisk  
  136  8:44  Zergling x4  
  136  8:46  Centrifical Hooks  
  139  8:49  Infestation Pit  
  139  8:51  Hydralisk  
  137  8:59  Hydralisk x3  
  142  9:03  Zergling x2  
  142  9:04  Zergling x4  
  142  9:07  Overlord  
  144  9:12  Zergling x2  
  144  9:13  Zergling x10  
  150  9:18  Queen  
  152  9:31  Zergling x20  
  153  9:35  Hatchery  
  158  9:48  Zergling x22  
  167  9:54  Overlord  
  155  10:08  Spore Crawler, Drone  
  155  10:09  Queen, Drone x6  
  155  10:12  Hatchery  
  154  10:16  Overlord  
  154  10:18  Baneling x2  
  154  10:19  Baneling x4  
  154  10:26  Zergling x12  
  160  10:31  Overlord  
  159  10:36  Overlord  
  159  10:40  Zerg Ground Armor Level 1  
  159  10:41  Overlord x2  
  154  10:46  Drone  
  154  10:49  Hive  
  154  11:02  Hydralisk x5  
  154  11:03  Zergling x2  
  158  11:07  Baneling x10  
  158  11:10  Drone x5  
  163  11:12  Queen  
  163  11:17  Zergling x6  
  166  11:24  Zergling x2  
  166  11:25  Zergling x12  
  169  11:31  Queen  
  171  11:36  Zergling x10  
  174  11:40  Drone  
  174  11:41  Spire  
  174  11:43  Extractor  
  173  11:48  Zergling x2  
  173  11:49  Zergling x6  
  177  11:54  Zergling x2  
  177  11:55  Zergling x6  
  177  12:00  Drone  
  181  12:07  Drone  
  181  12:08  Drone x4  
  170  12:09  Hydralisk x4  
  162  12:15  Hydralisk  
  162  12:16  Hydralisk  
  162  12:17  Zergling x4  
  154  12:23  Zergling x8  
  154  12:28  Zergling x2  
  157  12:31  Zergling x8  
  157  12:34  Zergling x10  
  165  12:37  Zergling x2  
  165  12:38  Zergling x2  
  165  12:40  Extractor  
  165  12:44  Baneling  
  165  12:45  Baneling x18  
  165  12:46  Zergling x8  
  169  12:53  Drone x2  
  169  12:57  Zergling x4  
  169  12:58  Zergling x8  
  176  12:59  Baneling  
  176  13:00  Baneling x8  
  176  13:02  Zergling x6  
  165  13:13  Zergling x22  
  165  13:17  Zergling x2  
  165  13:18  Zergling x4  
  168  13:28  Hydralisk x4  
  168  13:29  Zergling x10  
  168  13:30  Zergling x2  
  165  13:35  Hydralisk, Zergling x2  
  165  13:36  Zergling x12  
  165  13:39  Baneling x10  
  163  13:43  Zergling x4  
  154  13:51  Zergling x6  
Tags
 
Add a new tag
Caveats
  • Supply blocks, unpowered buildings, or Contaminate may cause inaccurate times.
  • Supply counts are checked every 10 seconds.